[ AOE2 MATCH · #505803629 ]
UnrankedBerbers vs Magyars
Player's team · WIN
Rival team · LOSS
[ REPLAY ANALYSIS · EXTRACTED FROM THE RECORDED GAME ]
Feudal
9:55
Castle
21:18
Imperial
—
| APM avg | 88.9 |
| APM peak | 147 |
| eAPM avg | 32.2 |
| Villagers / military | 47 / 92 |
Focus
⚔️ 27.4% · 🌾 72.6%
Knight ×81 · Scout Cavalry ×4 · Spearman ×3 · Archer ×2 · Skirmisher ×2
Feudal
11:54
Castle
21:32
Imperial
—
| APM avg | 67.5 |
| APM peak | 108 |
| eAPM avg | 32.4 |
| Villagers / military | 119 / 55 |
Focus
⚔️ 27.5% · 🌾 72.5%
Spearman ×11 · Monk ×11 · Archer ×10 · Cavalry Archer ×10 · Militia ×7 · Skirmisher ×5
Match map
Initial resources + every placement click. Lines = walls · curves = elevation contours. ◆ gold · ⬟ stone · ● berries · ✦ relic · ◌ wall gap
Your base· Open — 3t gap
virttuallG's base· Open — 2t gap
Smoothed initial terrain · ◌ = detected wall gap · hover for details
Inputs per minute
— WoRLDDeViL - - virttuallG
Build order — WoRLDDeViL
First 150 of 222 actions detected
| 0:02 | Queue | Villager (Male) |
| 0:02 | Queue | Villager (Male) |
| 0:05 | Build | House |
| 0:06 | Build | House |
| 0:07 | Queue | Villager (Male) |
| 0:18 | Build | House |
| 0:21 | Queue | Villager (Male) |
| 1:33 | Queue | Villager (Male) |
| 1:55 | Build | Lumber Camp |
| 1:58 | Queue | Villager (Male) |
| 2:27 | Queue | Villager (Male) |
| 2:54 | Queue | Villager (Male) |
| 3:09 | Queue | Villager (Male) |
| 3:32 | Build | House |
| 3:45 | Queue | Villager (Male) |
| 4:03 | Queue | Villager (Male) |
| 4:42 | Queue | Villager (Male) |
| 4:52 | Queue | Villager (Male) |
| 5:40 | Queue | Villager (Male) |
| 5:48 | Build | House |
| 6:05 | Research | Loom |
| 6:18 | Build | Barracks |
| 6:25 | Queue | Villager (Male) |
| 6:53 | Queue | Villager (Male) |
| 6:59 | Build | Mill |
| 7:16 | Queue | Villager (Male) |
| 7:28 | Research | Feudal Age |
| 8:32 | Build | Mining Camp |
| 8:42 | Queue | Villager (Male) |
| 8:49 | Build | Palisade Wall |
| 8:51 | Build | Palisade Wall |
| 8:53 | Build | Palisade Wall |
| 8:56 | Build | Palisade Wall |
| 8:57 | Build | Palisade Wall |
| 8:59 | Build | Palisade Wall |
| 9:03 | Build | Palisade Wall |
| 9:20 | Build | Palisade Wall |
| 9:22 | Build | Palisade Wall |
| 9:28 | Queue | Villager (Male) |
| 9:44 | Queue | Villager (Male) |
| 9:55 | Queue | Villager (Male) |
| 9:55 | Age | Feudal Age |
| 10:01 | Build | Archery Range |
| 10:04 | Queue | Spearman |
| 10:16 | Queue | Villager (Male) |
| 10:27 | Build | House |
| 10:32 | Queue | Archer |
| 10:37 | Queue | Villager (Male) |
| 10:41 | Research | Double-Bit Axe |
| 11:04 | Queue | Villager (Male) |
| 11:15 | Queue | Archer |
| 11:24 | Build | House |
| 11:37 | Research | Wheelbarrow |
| 11:39 | Queue | Villager (Male) |
| 12:19 | Queue | Villager (Male) |
| 12:23 | Build | Blacksmith |
| 12:40 | Queue | Spearman |
| 13:24 | Queue | Villager (Male) |
| 13:26 | Build | Farm |
| 13:27 | Build | Farm |
| 13:34 | Queue | Villager (Male) |
| 13:36 | Build | Farm |
| 13:43 | Build | Palisade Wall |
| 13:44 | Build | Palisade Wall |
| 13:49 | Build | Farm |
| 13:50 | Queue | Villager (Male) |
| 14:09 | Queue | Villager (Male) |
| 14:30 | Queue | Villager (Male) |
| 14:31 | Build | Stable |
| 14:51 | Queue | Villager (Male) |
| 14:52 | Build | Farm |
| 15:02 | Build | House |
| 15:03 | Build | Farm |
| 15:04 | Build | Farm |
| 15:22 | Queue | Scout Cavalry |
| 15:24 | Build | Farm |
| 15:25 | Build | Farm |
| 15:29 | Queue | Villager (Male) |
| 15:43 | Build | Farm |
| 15:49 | Queue | Scout Cavalry |
| 15:56 | Queue | Spearman |
| 16:03 | Build | Farm |
| 16:06 | Build | House |
| 16:18 | Queue | Scout Cavalry |
| 16:25 | Research | Forging |
| 16:28 | Queue | Villager (Male) |
| 16:32 | Build | Farm |
| 16:47 | Queue | Scout Cavalry |
| 16:49 | Build | House |
| 16:54 | Queue | Villager (Male) |
| 16:55 | Build | Farm |
| 17:02 | Queue | Villager (Male) |
| 17:03 | Build | Farm |
| 17:16 | Queue | Villager (Male) |
| 17:21 | Queue | Villager (Male) |
| 17:26 | Build | Farm |
| 17:38 | Build | Farm |
| 17:39 | Queue | Villager (Male) |
| 17:48 | Queue | Skirmisher |
| 17:49 | Queue | Skirmisher |
| 18:38 | Research | Castle Age |
| 18:44 | Build | Stable |
| 18:58 | Build | Farm |
| 19:09 | Research | Bloodlines |
| 19:12 | Research | Scale Barding Armor |
| 19:12 | Research | Scale Barding Armor |
| 19:32 | Research | Gold Mining |
| 19:32 | Research | Gold Mining |
| 20:52 | Build | Stable |
| 21:18 | Age | Castle Age |
| 21:19 | Queue | Villager (Male) |
| 21:30 | Research | Bow Saw |
| 21:35 | Research | Husbandry |
| 21:36 | Queue | Knight |
| 21:36 | Queue | Knight |
| 21:36 | Queue | Knight |
| 21:43 | Research | Iron Casting |
| 21:46 | Build | Farm |
| 21:59 | Queue | Villager (Male) |
| 22:10 | Queue | Knight |
| 22:10 | Queue | Knight |
| 22:10 | Queue | Knight |
| 22:11 | Queue | Knight |
| 22:38 | Queue | Knight |
| 22:49 | Build | House |
| 22:50 | Build | House |
| 23:01 | Queue | Villager (Male) |
| 23:06 | Research | Chain Barding Armor |
| 23:24 | Queue | Knight |
| 23:40 | Build | Lumber Camp |
| 23:41 | Queue | Villager (Male) |
| 23:42 | Queue | Knight |
| 23:43 | Queue | Knight |
| 23:51 | Queue | Knight |
| 24:03 | Queue | Knight |
| 24:04 | Queue | Knight |
| 24:07 | Queue | Villager (Male) |
| 24:32 | Queue | Knight |
| 24:40 | Queue | Knight |
| 24:40 | Queue | Knight |
| 24:51 | Build | House |
| 24:52 | Research | Gold Shaft Mining |
| 24:53 | Research | Gold Shaft Mining |
| 24:59 | Queue | Knight |
| 25:13 | Build | House |
| 25:18 | Queue | Knight |
| 25:36 | Queue | Villager (Male) |
| 25:49 | Queue | Knight |
| 25:50 | Queue | Knight |
| 26:10 | Queue | Knight |
Build order — virttuallG
First 150 of 266 actions detected
| 0:01 | Queue | Villager (Male) |
| 0:03 | Build | House |
| 0:05 | Build | House |
| 0:06 | Queue | Villager (Male) |
| 0:06 | Queue | Villager (Male) |
| 0:14 | Queue | Villager (Male) |
| 1:34 | Queue | Villager (Male) |
| 1:54 | Queue | Villager (Male) |
| 2:09 | Build | Lumber Camp |
| 2:29 | Queue | Villager (Male) |
| 2:57 | Queue | Villager (Male) |
| 2:57 | Queue | Villager (Male) |
| 3:09 | Queue | Villager (Male) |
| 4:03 | Queue | Villager (Male) |
| 4:03 | Queue | Villager (Male) |
| 4:11 | Queue | Villager (Male) |
| 4:11 | Queue | Villager (Male) |
| 4:15 | Build | House |
| 4:56 | Build | Barracks |
| 5:00 | Queue | Villager (Male) |
| 5:00 | Queue | Villager (Male) |
| 5:00 | Queue | Villager (Male) |
| 5:28 | Queue | Villager (Male) |
| 5:29 | Queue | Villager (Male) |
| 5:37 | Queue | Villager (Male) |
| 5:52 | Build | House |
| 5:57 | Queue | Militia |
| 6:04 | Queue | Villager (Male) |
| 6:04 | Queue | Villager (Male) |
| 6:04 | Queue | Villager (Male) |
| 6:30 | Queue | Militia |
| 6:50 | Queue | Militia |
| 6:50 | Queue | Villager (Male) |
| 6:54 | Queue | Villager (Male) |
| 7:00 | Build | House |
| 7:22 | Build | Mining Camp |
| 7:57 | Build | Mill |
| 8:03 | Queue | Villager (Male) |
| 8:10 | Queue | Villager (Male) |
| 8:11 | Queue | Villager (Male) |
| 9:16 | Research | Feudal Age |
| 9:17 | Research | Loom |
| 9:20 | Research | Feudal Age |
| 9:21 | Queue | Villager (Male) |
| 9:46 | Build | Palisade Wall |
| 9:54 | Queue | Militia |
| 9:59 | Build | Palisade Wall |
| 10:22 | Queue | Villager (Male) |
| 10:36 | Build | Palisade Wall |
| 10:37 | Build | Palisade Wall |
| 10:37 | Build | Palisade Wall |
| 10:38 | Build | Palisade Wall |
| 10:39 | Build | Palisade Wall |
| 10:55 | Queue | Militia |
| 11:54 | Age | Feudal Age |
| 11:59 | Build | Archery Range |
| 12:00 | Research | Man-at-Arms (upgrade) |
| 12:11 | Queue | Villager (Male) |
| 12:50 | Queue | Skirmisher |
| 12:51 | Queue | Skirmisher |
| 12:51 | Queue | Skirmisher |
| 12:51 | Queue | Skirmisher |
| 12:53 | Build | House |
| 12:54 | Build | House |
| 12:55 | Queue | Villager (Male) |
| 12:57 | Build | Farm |
| 12:58 | Build | Farm |
| 13:05 | Research | Double-Bit Axe |
| 13:12 | Queue | Villager (Male) |
| 13:12 | Queue | Villager (Male) |
| 13:12 | Queue | Villager (Male) |
| 13:27 | Queue | Villager (Male) |
| 13:27 | Queue | Villager (Male) |
| 13:27 | Queue | Villager (Male) |
| 13:28 | Queue | Villager (Male) |
| 13:34 | Build | Farm |
| 13:50 | Queue | Villager (Male) |
| 13:50 | Queue | Villager (Male) |
| 13:50 | Queue | Villager (Male) |
| 13:50 | Queue | Villager (Male) |
| 13:51 | Queue | Villager (Male) |
| 13:51 | Queue | Villager (Male) |
| 13:55 | Build | Farm |
| 14:01 | Queue | Archer |
| 14:01 | Queue | Archer |
| 14:01 | Queue | Archer |
| 14:39 | Queue | Skirmisher |
| 14:40 | Queue | Militia |
| 14:41 | Queue | Militia |
| 14:42 | Queue | Villager (Male) |
| 14:42 | Queue | Villager (Male) |
| 14:44 | Build | Farm |
| 14:45 | Build | Farm |
| 14:46 | Build | Farm |
| 14:46 | Build | Farm |
| 14:55 | Queue | Villager (Male) |
| 15:17 | Queue | Villager (Male) |
| 15:24 | Queue | Villager (Male) |
| 15:31 | Build | Farm |
| 15:32 | Build | Farm |
| 15:33 | Queue | Villager (Male) |
| 15:45 | Build | House |
| 15:47 | Build | Farm |
| 16:22 | Queue | Villager (Male) |
| 16:22 | Queue | Villager (Male) |
| 16:28 | Queue | Archer |
| 16:28 | Queue | Archer |
| 16:32 | Queue | Spearman |
| 16:32 | Queue | Spearman |
| 16:34 | Build | House |
| 16:37 | Build | Farm |
| 17:08 | Queue | Archer |
| 17:17 | Build | Farm |
| 17:28 | Build | Farm |
| 18:00 | Build | Blacksmith |
| 18:20 | Queue | Villager (Male) |
| 18:22 | Queue | Villager (Male) |
| 18:22 | Queue | Villager (Male) |
| 18:29 | Build | Mill |
| 18:40 | Queue | Villager (Male) |
| 18:45 | Queue | Villager (Male) |
| 18:53 | Research | Castle Age |
| 18:57 | Queue | Archer |
| 19:11 | Queue | Villager (Male) |
| 19:18 | Queue | Villager (Male) |
| 19:28 | Build | Stable |
| 19:32 | Research | Scale Barding Armor |
| 19:35 | Research | Fletching |
| 19:52 | Queue | Archer |
| 19:58 | Queue | Archer |
| 19:59 | Queue | Archer |
| 20:19 | Research | Gold Mining |
| 20:22 | Queue | Villager (Male) |
| 21:10 | Queue | Villager (Male) |
| 21:23 | Research | Fletching |
| 21:25 | Queue | Villager (Male) |
| 21:25 | Queue | Villager (Male) |
| 21:25 | Queue | Villager (Male) |
| 21:25 | Queue | Villager (Male) |
| 21:26 | Queue | Villager (Male) |
| 21:32 | Age | Castle Age |
| 21:38 | Build | Town Center |
| 21:41 | Queue | Knight |
| 21:45 | Research | Bow Saw |
| 21:58 | Build | Palisade Wall |
| 21:59 | Build | Palisade Wall |
| 22:00 | Build | Palisade Wall |
| 22:21 | Queue | Villager (Male) |
| 22:21 | Queue | Villager (Male) |
| 22:21 | Queue | Villager (Male) |
Match timeline
| 4:56 | virttuallG · first_building Barracks |
| 6:18 | WoRLDDeViL · first_building Barracks |
| 8:49 | WoRLDDeViL · wall_segment Palisade Wall x1 |
| 8:51 | WoRLDDeViL · wall_segment Palisade Wall x1 |
| 8:53 | WoRLDDeViL · wall_segment Palisade Wall x1 |
| 8:56 | WoRLDDeViL · wall_segment Palisade Wall x1 |
| 8:57 | WoRLDDeViL · wall_segment Palisade Wall x1 |
| 8:59 | WoRLDDeViL · wall_segment Palisade Wall x1 |
| 9:03 | WoRLDDeViL · wall_segment Palisade Wall x1 |
| 9:20 | WoRLDDeViL · wall_segment Palisade Wall x1 |
| 9:22 | WoRLDDeViL · wall_segment Palisade Wall x1 |
| 9:46 | virttuallG · wall_segment Palisade Wall x1 |
| 9:55 | WoRLDDeViL · age_up feudal |
| 9:59 | virttuallG · wall_segment Palisade Wall x1 |
| 10:01 | WoRLDDeViL · first_building Archery Range |
| 10:36 | virttuallG · wall_segment Palisade Wall x1 |
| 10:37 | virttuallG · wall_segment Palisade Wall x1 |
| 10:37 | virttuallG · wall_segment Palisade Wall x1 |
| 10:38 | virttuallG · wall_segment Palisade Wall x1 |
| 10:39 | virttuallG · wall_segment Palisade Wall x1 |
| 11:54 | virttuallG · age_up feudal |
| 11:59 | virttuallG · first_building Archery Range |
| 13:43 | WoRLDDeViL · wall_segment Palisade Wall x1 |
| 13:44 | WoRLDDeViL · wall_segment Palisade Wall x1 |
| 14:31 | WoRLDDeViL · first_building Stable |
| 19:28 | virttuallG · first_building Stable |
| 21:18 | WoRLDDeViL · age_up castle |
| 21:32 | virttuallG · age_up castle |
| 21:58 | virttuallG · wall_segment Palisade Wall x1 |
| 21:59 | virttuallG · wall_segment Palisade Wall x1 |
| 22:00 | virttuallG · wall_segment Palisade Wall x1 |
| 23:08 | virttuallG · wall_segment Palisade Wall x1 |
| 23:09 | virttuallG · wall_segment Palisade Wall x1 |
| 24:05 | virttuallG · first_building Monastery |
| 31:59 | WoRLDDeViL · first_market_sell 100 wood |
| 33:29 | virttuallG · resign |
[ AI ANALYSIS · 1 CREDIT ]
What really happened in this match?
Wolo.gg analyzes every decision: build order, eco, micro, common mistakes by bracket. Personalized analysis on WhatsApp or Discord in 30 seconds.
Civ guide
Berbers
Perfil
Jugador #1421064